cohdb
Replays
Latest Replays
All Replays
Popular Replays
Top Player Replays
Match Explorer
How It Works
Community
CoH3 Stats
Reddit
Sign in to upload your games and track your stats! →
Sign in with Steam
Match 40942212
Unlisted
Match 40942212
Overview
Messages
Build Orders
End
Kettenkrad Recon Vehicle
Construct Infanterie Kompanie
Grenadier Squad
Selects Mechanized Battlegroup
MG 42 Machine Gun Team
Grenadier Squad
Infanterie Officer Quarters
Sniper
Construct Panzergrenadier Kompanie
MG 42 Machine Gun Team
Pak 40 Anti-tank Gun Team
Selects Raid Package
251 Medium Carrier
Sniper
Selects StuG Assault Group
Pak 40 Anti-tank Gun Team
StuG Assault Group
Panzergrenadier Squad
Selects Mobile Repair Stations
Selects Wespe Self-propelled Artillery
KevinTDW
Clairvoyance
TheSlothInChargeOfEconomy
JVevermore
0
0
Comments
sign in to comment!
No comments posted yet!